[Event "Early-Titled-Tuesday-Blitz-May-28-2024"]
[Site "Chess.com"]
[Date "2024.05.28"]
[Round "4"]
[White "Root_21"]
[Black "NajdorfPlayerc5"]
[Result "1-0"]
[WhiteElo "2682"]
[BlackElo "2454"]
[TimeControl "180+1"]
[EndTime "8:39:45 PDT"]
[Termination "Root_21 won on time"]

1. Nf3 Nf6 2. g3 b6 3. Bg2 Bb7 4. O-O e6 5. d3 d5 6. Nbd2 Be7 7. Re1 O-O 8. c3 Nbd7 9. e4 dxe4 10. dxe4 Nc5 11.
e5 Nfe4 12. Nd4 Nxd2 13. Bxb7 Nxb7 14. Bxd2 Qd7 15. Qg4 Kh8 16. Rad1 c5 17. Nf3 Rad8 18. h4 Qc6 19. Ng5 Bxg5 20. Bxg5 Rxd1 21. Rxd1 h6 22. Be3 Rd8 23. Re1 Qd5 24. Qh5 Qxa2 25. Qxf7 Qd5 26. c4 Qd7 27. Qh5 Kh7 28. Kh2 Na5 29.
Qg4 Nc6 30. h5 Kh8 31. Qe4 Qe8 32. Kg2 Nd4 33. g4 Qc6 34. Bxd4 Qxe4+ 35. Rxe4 cxd4 36. Kf1 Kg8 37. Ke2 Kf7 38. Kd3 Ke7 39. Rxd4 Rf8 40. f4 Rc8 41. Rd6 Rc7 42. f5 exf5 43. gxf5 Rc5 44. Kd4 Ra5 45. Rc6 Kd7 46. Rg6 Ra2 47.
Rxg7+ Ke8 48. Kd5 Rxb2 49. Ke6 Kf8 50. f6 Rc2 51. Rc7 Kg8 52. Ke7 1-0

[Event "Early-Titled-Tuesday-Blitz-May-28-2024"]
[Site "Chess.com"]
[Date "2024.05.28"]
[Round "4"]
[White "Herzog2012"]
[Black "Matols"]
[Result "0-1"]
[WhiteElo "2587"]
[BlackElo "2380"]
[TimeControl "180+1"]
[EndTime "8:39:45 PDT"]
[Termination "Matols won by checkmate"]

1. e4 c6 2. d4 d5 3. Nc3 dxe4 4. Nxe4 Nf6 5. Nxf6+ exf6 6. c3 Bd6 7. Bd3 O-O 8.
Qc2 Re8+ 9. Ne2 h5 10. O-O h4 11. h3 Nd7 12. Be3 Nf8 13. c4 Be6 14. Rfd1 Rc8 15. Qb3 b5 16. d5 bxc4 17. Bxc4 cxd5 18. Bxd5 Qe7 19. Nd4 Bxd5 20. Qxd5 Bb8 21. Rac1 Qe5 22. Qxe5 Bxe5 23. b3 Ne6 24. Nc6 Ra8 25. Nxa7 Nf4 26.
Kf1 g5 27. Rc2 Kg7 28. Nc6 Ng6 29. Nxe5 Nxe5 30. Rd6 Reb8 31. Bd4 Ra5 32. Bxe5 fxe5 33. Rdd2 Kg6 34. Ke2 f6 35. Rb2 Rb4 36. Rdc2 Kf5 37. Kd3 Rd5+ 38. Ke3 Re4+ 39. Kf3 Rd3# 0-1

[Event "Early-Titled-Tuesday-Blitz-May-28-2024"]
[Site "Chess.com"]
[Date "2024.05.28"]
[Round "4"]
[White "AljoschaFeuerstack"]
[Black "TomLiu777"]
[Result "1-0"]
[WhiteElo "2647"]
[BlackElo "2369"]
[TimeControl "180+1"]
[EndTime "8:39:46 PDT"]
[Termination "AljoschaFeuerstack won on time"]

1. e4 e6 2. d3 d5 3. Nd2 Nc6 4. Ngf3 e5 5. g3 Nf6 6. Bg2 dxe4 7.
dxe4 Bc5 8. O-O O-O 9. c3 Qe7 10.
Qc2 a5 11. a4 Be6 12. Nb3 Bb6 13. Re1 Rfd8 14. Be3 Bxe3 15. Rxe3 b6 16. Bf1 Ng4 17. Ree1 Qf6 18. Bg2 Bc4 19. Rad1 h6 20. h3 Qe6 21. Nbd2 Bd3 22. Qb3 Qxb3 23. Nxb3 Bc2 24. Rxd8+ Rxd8 25. Na1 Bxa4 26. hxg4 f6 27. Bf1 Ne7 28. Bc4+ Kf8 29.
Be2 Nc8 30. b3 Bc6 31. Bf1 Nd6 32. Nd2 Nb7 33. Nc4 Nc5 34. f3 Ke7 35. Kf2 Bb7 36. Ne3 Ne6 37. Bc4 Nc5 38. Rd1 Rxd1 39. Nxd1 c6 40.
Ne3 1-0

[Event "Early-Titled-Tuesday-Blitz-May-28-2024"]
[Site "Chess.com"]
[Date "2024.05.28"]
[Round "4"]
[White "Bilan_Danila"]
[Black "JJDAREK"]
[Result "1-0"]
[WhiteElo "2543"]
[BlackElo "2357"]
[TimeControl "180+1"]
[EndTime "8:39:46 PDT"]
[Termination "Bilan_Danila won on time"]

1. d4 d6 2. Nf3 g6 3. Bg5 Bg7 4. c3 h6 5. Bh4 Nf6 6. Nbd2 O-O 7. e4 Nbd7 8. Qc2 e5 9. dxe5 Nxe5 10.
Nxe5 dxe5 11. Bc4 Qe8 12. O-O Nh5 13. Rfe1 Bf6 14. Bxf6 Nxf6 15. Rad1 Qe7 16. Nf1 Kg7 17. Ne3 c6 18. Rd2 Rd8 19. Rxd8 Qxd8 20. Rd1 Qe7 21. f3 b5 22. Bb3 a5 23. a4 Qc5 24. Kf2 Rb8 25.
axb5 cxb5 26. Qd2 b4 27. Ba4 bxc3 28. Qxc3 Qxc3 29. bxc3 Rb2+ 30. Bc2 Be6 31. Rb1 Ra2 32. Ke2 a4 33. Kd3 Nd7 34. Rb5 Ra1 35. Nd5 a3 36. Ra5 g5 37. c4 Rg1 38. g4 Rg2 39. c5 Rxh2 40. c6 Bxd5 41. cxd7 1-0

[Event "Early-Titled-Tuesday-Blitz-May-28-2024"]
[Site "Chess.com"]
[Date "2024.05.28"]
[Round "4"]
[White "xakevicius91"]
[Black "sammartin99"]
[Result "1-0"]
[WhiteElo "2486"]
[BlackElo "2294"]
[TimeControl "180+1"]
[EndTime "8:39:46 PDT"]
[Termination "xakevicius91 won on time"]

1. e4 c5 2. Nf3 Nc6 3. d4 cxd4 4.
Nxd4 Nf6 5. Nc3 e5 6. Ndb5 d6 7. Bg5 a6 8. Na3 b5 9. Nd5 Be7 10.
Bxf6 Bxf6 11. c4 b4 12. Nc2 a5 13. g3 O-O 14. h4 Nd4 15. Bh3 Bb7 16. Nxd4 exd4 17. O-O Re8 18. Qd3 g6 19. Rad1 Bxd5 20. cxd5 Qe7 21. Rfe1 Ra7 22. Rc1 Rc7 23. Rc6 Be5 24.
Rec1 Rb7 25. Bg4 Kg7 26. Kg2 h5 27. Bh3 Rd8 28. b3 Rdb8 29. Re1 Ra7 30. f4 Bf6 31. e5 dxe5 32. fxe5 Bxe5 33. d6 Qb7 34. Qe4 f6 35.
Rc7+ Qxc7 36. dxc7 Rxc7 37. Rd1 Rc3 38. Rxd4 Bxd4 39.
Qxd4 Rc7 40. Qd6 Rbb7 41. Be6 Ra7 42. Kh3 Re7 43. Bc4 Rec7 44. Qb6 Re7 45. Qc5 Rec7 46.
Qd6 Re7 47. Qd4 Rec7 48. Bd3 Re7 49. Qf4 Rec7 50. Qe4 f5 51. Qe5+ Kh6 52. Bc4 Re7 53. Qf6 Rac7 54. Bd3 Ra7 55. Bxf5 Rg7 56. Qg5+ Kh7 57.
Qxh5+ 1-0

[Event "Early-Titled-Tuesday-Blitz-May-28-2024"]
[Site "Chess.com"]
[Date "2024.05.28"]
[Round "4"]
[White "suyu28"]
[Black "zsizsi99"]
[Result "1-0"]
[WhiteElo "2767"]
[BlackElo "2548"]
[TimeControl "180+1"]
[EndTime "8:39:47 PDT"]
[Termination "suyu28 won by resignation"]

1. e4 c5 2. Nf3 Nc6 3. d4 cxd4 4. Nxd4 e5 5. Nb5 d6 6. c4 Nf6 7. N1c3 a6 8. Na3 g6 9. Be2 Bg7 10. Be3 O-O 11. O-O Be6 12. Qd2 Rc8 13. Rfd1 Na5 14. b3 Re8 15. f3 Qc7 16. Na4 Nd7 17. Rac1 Bf8 18. Kh1 Nc5 19. Nc3 Nc6 20. Nd5 Bxd5 21. cxd5 Nd4 22. Bxd4 exd4 23. b4 Qd7 24. bxc5 dxc5 25.
Nc4 Qd8 26. a4 b5 27. axb5 axb5 28. Na3 b4 29. Nc4 Rb8 30. Ra1 f5 31. Bd3 Qh4 32. e5 Bh6 33. Qe1 Qh5 34. Qg3 b3 35. d6 b2 36.
Rab1 Bc1 37. d7 Re7 38. e6 f4 39. Qe1 Qd5 40. Rdxc1 Rxe6 41. Be4 Qxd7 42. Rxb2 Rbe8 43. Qd2 R6e7 44. Qxf4 Rd8 45. Rb7 Rf7 46. Rxd7 1-0

[Event "Early-Titled-Tuesday-Blitz-May-28-2024"]
[Site "Chess.com"]
[Date "2024.05.28"]
[Round "4"]
[White "jk13"]
[Black "Balla_Tamas"]
[Result "1-0"]
[WhiteElo "2654"]
[BlackElo "2480"]
[TimeControl "180+1"]
[EndTime "8:39:48 PDT"]
[Termination "jk13 won by resignation"]

1. e4 c5 2. c3 Nf6 3. e5 Nd5 4. Bc4 Nb6 5. Bb3 Nc6 6. Nf3 d6 7.
exd6 Qxd6 8. O-O Be6 9. Bxe6 Qxe6 10. a4 Qd7 11. a5 Nd5 12. d4 cxd4 13. Nxd4 e6 14.
a6 b6 15. Nxc6 Qxc6 16. Qd4 Be7 17. Qxg7 O-O-O 18. Qxf7 Rhg8 19. g3 Rdf8 20. Qxh7 Bc5 21.
Qb7+ Qxb7 22. axb7+ Kxb7 23. Nd2 Rg4 24. Nb3 Bd6 25.
Bd2 Nf6 26. Rae1 Ne4 27. Be3 Rfg8 28. Nd2 Nf6 29. Bd4 Nd5 30. Re4 R4g6 31. Rfe1 Re8 32. Nc4 Bc7 33. Ne5 Rh6 34. Nf7 Rh7 35. Ng5 Rh6 36.
Nxe6 Rc8 37. Nxc7 Rxc7 38. Re5 Kc6 39. Re6+ Rxe6 40. Rxe6+ Kb5 41. h4 a5 42. h5 Kc4 43.
h6 Kb3 44. Bg7 Kxb2 45. h7 a4 46. h8=Q a3 47. c4+ 1-0

[Event "Early-Titled-Tuesday-Blitz-May-28-2024"]
[Site "Chess.com"]
[Date "2024.05.28"]
[Round "4"]
[White "theoneandonlydaaevik"]
[Black "tylityli"]
[Result "1-0"]
[WhiteElo "2613"]
[BlackElo "2375"]
[TimeControl "180+1"]
[EndTime "8:39:48 PDT"]
[Termination "theoneandonlydaaevik won on time"]

1. c4 c5 2. Nf3 Nf6 3. g3 d5 4.
cxd5 Nxd5 5. Nc3 Nc6 6. Bg2 Nc7 7. O-O g6 8. d3 Bg7 9. Be3 Ne6 10. Rc1 Rb8 11.
Nd2 Ncd4 12. Qa4+ Bd7 13. Qxa7 b5 14. Rfe1 O-O 15. Bxd4 Bxd4 16. Nb3 b4 17. Nxd4 bxc3 18. Nxe6 Bxe6 19. bxc3 Rb2 20. c4 Qd6 21. Rb1 Rfb8 22.
Rxb2 Rxb2 23. a4 Ra2 24. a5 Kg7 25. Qb6 Bc8 26. Rb1 Rxe2 27. Qxd6 exd6 28. Bf3 Ra2 29.
Rb8 Bf5 30. Be4 1-0

[Event "Early-Titled-Tuesday-Blitz-May-28-2024"]
[Site "Chess.com"]
[Date "2024.05.28"]
[Round "4"]
[White "Kielinkei"]
[Black "agvega14"]
[Result "0-1"]
[WhiteElo "2460"]
[BlackElo "2244"]
[TimeControl "180+1"]
[EndTime "8:39:48 PDT"]
[Termination "agvega14 won by resignation"]

1. c4 e5 2. g3 Nc6 3. Bg2 Bc5 4.
e3 d6 5. Nc3 a6 6. Nge2 Ba7 7.
O-O h5 8. d4 h4 9. b3 hxg3 10.
fxg3 Qg5 11. Qd3 Qh5 12. h4 Nf6 13. Nd5 Bg4 14. Nec3 O-O-O 15. Nxf6 gxf6 16. Bxc6 bxc6 17. c5 exd4 18. Qxa6+ Kb8 19. exd4 dxc5 20. Bf4 Rd7 21. Qxc6 cxd4 22. Nb5 d3+ 23. Nxa7 Kxa7 24. Be3+ Kb8 25.
Qa6 c6 26. Qxc6 Qd5 27. Qxf6 Re8 28. Bf4+ Ka8 29. Rfe1 Red8 30. Qa6+ Ra7 31. Qf6 Rb7 32.
Re7 Qd4+ 33. Kg2 Qxf6 34. Rxb7 Kxb7 35. Re1 Qc6+ 36. Kh2 Qc2+ 37. Kg1 d2 38. Rf1 Qc1 0-1

[Event "Early-Titled-Tuesday-Blitz-May-28-2024"]
[Site "Chess.com"]
[Date "2024.05.28"]
[Round "4"]
[White "chessfatbear"]
[Black "Polish_fighter3000"]
[Result "0-1"]
[WhiteElo "2824"]
[BlackElo "3108"]
[TimeControl "180+1"]
[EndTime "8:39:50 PDT"]
[Termination "Polish_fighter3000 won on time"]

1. e4 c5 2. Nf3 d6 3. Bb5+ Nd7 4. O-O a6 5. Bd3 e6 6. c3 Ngf6 7. Bc2 b5 8. d4 Bb7 9. Qe2 Be7 10. h3 Rc8 11. e5 Bxf3 12. Qxf3 dxe5 13. dxe5 Nxe5 14. Qb7 Rc6 15. Bf4 Rb6 16. Qa7 Nc6 17. Qc7 Qxc7 18. Bxc7 Rb7 19. Bg3 O-O 20. a4 Rd8 21. axb5 axb5 22.
Ra6 Nb8 23. Ra5 Nd5 24. Rd1 f5 25. Na3 b4 26. Nc4 bxc3 27. bxc3 Nd7 28. Re1 Nf8 29.
Ne5 Nxc3 30. Nc6 Rd2 31. Bxf5 Ne2+ 32. Kf1 Nxg3+ 33. fxg3 Bf6 34. Be4 c4 35. Rc5 c3 36.
Rc1 Rbb2 37. Ne5 Rf2+ 38. Kg1 Rfe2 0-1

[Event "Early-Titled-Tuesday-Blitz-May-28-2024"]
[Site "Chess.com"]
[Date "2024.05.28"]
[Round "4"]
[White "atbenina64"]
[Black "tandaleo"]
[Result "1-0"]
[WhiteElo "2798"]
[BlackElo "2567"]
[TimeControl "180+1"]
[EndTime "8:39:50 PDT"]
[Termination "atbenina64 won by resignation"]

1. c4 e6 2. Nc3 d5 3. d4 c6 4. e3 f5 5. Bd3 Nf6 6. Nge2 Bd6 7. f3 O-O 8. O-O Nbd7 9. cxd5 cxd5 10. Bd2 a6 11.
Rc1 b5 12. Be1 Bb7 13. Bg3 Qe7 14. Qe1 Rac8 15. Bb1 g6 16. Bxd6 Qxd6 17. Nf4 Nb6 18. Nd3 Nfd7 19. b4 Nc4 20. f4 Bc6 21. Nc5 Nxc5 22.
dxc5 Qe7 23. Rd1 a5 24. Ne2 Nxe3 25. a3 axb4 26. axb4 Nxd1 27. Qxd1 e5 28. fxe5 Qxe5 29. Nd4 Rfe8 30. Ba2 Kg7 31. Bb3 Qe3+ 32. Kh1 Qc3 33. h3 Qxb4 34. Qa1 Kh6 35. Nxf5+ Kg5 36. h4+ Kg4 37.
Qd1+ 1-0

[Event "Early-Titled-Tuesday-Blitz-May-28-2024"]
[Site "Chess.com"]
[Date "2024.05.28"]
[Round "4"]
[White "Abund"]
[Black "subham777"]
[Result "1-0"]
[WhiteElo "2793"]
[BlackElo "2564"]
[TimeControl "180+1"]
[EndTime "8:39:50 PDT"]
[Termination "Abund won on time"]

1. e4 e6 2. d4 d5 3. Nd2 c5 4. Ngf3 cxd4 5. Nxd4 Nc6 6. Bb5 Bd7 7. Nxc6 bxc6 8.
Bd3 Bd6 9. Qe2 Ne7 10. e5 Bc7 11. Nf3 Ng6 12. O-O O-O 13. Re1 c5 14. c4 Bc6 15.
cxd5 Bxd5 16. Ng5 h6 17. Nxf7 Rxf7 18. Bxg6 Rf8 19. Bc2 Qh4 20. f4 Bb6 21. Be3 c4 22. g3 Qh3 23. Bxb6 axb6 24. Be4 Rad8 25. Rad1 b5 26.
Bxd5 exd5 27. e6 Rfe8 28. Qe5 b4 29. Rxd5 Ra8 30. e7 Kh8 31. f5 Qg4 32. f6 gxf6 33.
Qxf6+ Qg7 34. Qe6 c3 35. Rh5 Kh7 36. Rf5 Qg6 37. Rf7+ Qxf7 38. Qxf7+ Kh8 39. Re6 1-0

[Event "Early-Titled-Tuesday-Blitz-May-28-2024"]
[Site "Chess.com"]
[Date "2024.05.28"]
[Round "4"]
[White "ImportedItalianMaple"]
[Black "LuisFSiles"]
[Result "0-1"]
[WhiteElo "2531"]
[BlackElo "2387"]
[TimeControl "180+1"]
[EndTime "8:39:50 PDT"]
[Termination "LuisFSiles won by resignation"]

1. e4 c5 2. Nf3 Nc6 3. Bb5 g6 4. O-O Bg7 5. c3 Nf6 6. Re1 O-O 7. d4 d5 8. e5 Ne4 9. Bxc6 bxc6 10. Be3 Qb6 11. Qc1 c4 12. Nfd2 Nxd2 13. Nxd2 Bf5 14. b3 Bd3 15. Qd1 Qa5 16. b4 Qa3 17. Nb3 Qb2 18. Qd2 Qxd2 19. Nxd2 a5 20. a3 Ra6 21.
Bg5 f6 22. exf6 exf6 23. Bf4 axb4 24. axb4 Rfa8 25. Rxa6 Rxa6 26. Bd6 Bf8 27. Bxf8 Kxf8 28. h4 Kf7 29. Nf3 Ra2 30. Rc1 Ke6 31. g4 h6 32. Ne1 g5 33. hxg5 hxg5 34. Kg2 f5 35. gxf5+ Kxf5 36. Kf3 Be4+ 37. Ke3 g4 38. f3 gxf3 39.
Nxf3 Bxf3 40. Kxf3 Rd2 41. Ke3 Rd3+ 42. Ke2 Ke4 43. Rc2 Rh3 44. Rc1 Rh2+ 45. Kd1 Rh1+ 46. Kc2 Rxc1+ 47. Kxc1 Kd3 48. Kb2 Kd2 0-1

[Event "Early-Titled-Tuesday-Blitz-May-28-2024"]
[Site "Chess.com"]
[Date "2024.05.28"]
[Round "4"]
[White "Pomegranate988"]
[Black "alex1531"]
[Result "1-0"]
[WhiteElo "2662"]
[BlackElo "2447"]
[TimeControl "180+1"]
[EndTime "8:39:52 PDT"]
[Termination "Pomegranate988 won by resignation"]

1. Nf3 d5 2. g3 Bg4 3. Bg2 Nd7 4. h3 Bxf3 5. exf3 e5 6. O-O Ngf6 7. Re1 Be7 8. d4 exd4 9. Qxd4 O-O 10. Bf4 c6 11.
Nd2 Bc5 12. Qc3 Qb6 13. Rf1 Bd4 14. Qd3 Nh5 15. Bd6 Rfe8 16. c3 Be5 17. Bxe5 Nxe5 18. Qd4 Qxd4 19. cxd4 Nd3 20. Rfd1 Nf6 21. Bf1 Nxb2 22.
Rdb1 Na4 23. Rxb7 Kf8 24. Rc1 Rec8 25. Nb3 Ne8 26. Ba6 Nb6 27. Nc5 Nd6 28. Nd7+ Nxd7 29. Rxd7 Rd8 30. Rxd8+ Rxd8 31. Rxc6 Nf5 32. Rc7 Nxd4 33. f4 Ne6 34. Rxa7 d4 35. Bd3 Nc5 36. Ra3 Rb8 37. Kg2 Rb2 38. Kf3 Rd2 39. Bxh7 g6 40.
f5 Kg7 41. fxg6 fxg6 42. Ra7+ Kh6 43. Bg8 d3 44. Rc7 Na4 45. h4 g5 46. Bb3 g4+ 47. Kxg4 Nb2 48. f4 Rd1 49. Rc6+ Kg7 50. Bxd1 Nxd1 51. Rd6 Nf2+ 52. Kf3 1-0

[Event "Early-Titled-Tuesday-Blitz-May-28-2024"]
[Site "Chess.com"]
[Date "2024.05.28"]
[Round "4"]
[White "Redbandit87"]
[Black "TatjanaVasilevich"]
[Result "1-0"]
[WhiteElo "2436"]
[BlackElo "2586"]
[TimeControl "180+1"]
[EndTime "8:39:52 PDT"]
[Termination "Redbandit87 won by checkmate"]

1. d4 Nf6 2. Bg5 e6 3. e4 h6 4. Bxf6 Qxf6 5. c3 d6 6. Bd3 e5 7. Ne2 Nc6 8. O-O Bd7 9. d5 Ne7 10. Nd2 g5 11. c4 Ng6 12. b4 h5 13. Ng3 Nf4 14. Bc2 g4 15. Nf5 Bh6 16. c5 Bxf5 17. exf5 Qe7 18. Ne4 f6 19. Ba4+ Kf7 20. g3 Nh3+ 21.
Kg2 Ng5 22. Nxg5+ Bxg5 23. f3 gxf3+ 24. Qxf3 dxc5 25. d6 cxd6 26. Qd5+ Kg7 27. Rad1 Rhd8 28. Bb3 b5 29. h4 Bh6 30. Qf3 c4 31. Bc2 d5 32. Qxh5 Qf7 33. Qf3 d4 34. Be4 Rac8 35. g4 Bf4 36. Kf2 Rh8 37. Rh1 d3 38. Rdg1 Qd7 39.
g5 Qd4+ 40. Kf1 Qa1+ 41. Kg2 Qxa2+ 42. Kf1 Qb1+ 43. Kg2 Qc2+ 44. Kf1 Qc1+ 45. Kg2 Qd2+ 46. Kf1 fxg5 47. hxg5 Bxg5 48. f6+ Kf7 49. Bd5+ Ke8 50. Rxh8+ Kd7 51. Qf5+ Kc7 52. Qxc8+ Kd6 53. Qc6# 1-0

[Event "Early-Titled-Tuesday-Blitz-May-28-2024"]
[Site "Chess.com"]
[Date "2024.05.28"]
[Round "4"]
[White "BashirliSaadat"]
[Black "PabloZarnicki"]
[Result "0-1"]
[WhiteElo "2366"]
[BlackElo "2546"]
[TimeControl "180+1"]
[EndTime "8:39:52 PDT"]
[Termination "PabloZarnicki won by resignation"]

1. e4 d6 2. d4 Nf6 3. Nc3 c6 4.
Be2 Nbd7 5. Be3 e5 6. d5 cxd5 7. Nxd5 Nxe4 8. Bf3 Nef6 9. Nxf6+ Nxf6 10. Bg5 Be7 11.
Qd2 O-O 12. O-O-O Be6 13. Kb1 e4 14. Bxf6 exf3 15. Bxe7 fxg2 16. Bxd8 gxh1=Q 17. f3 Raxd8 18. Qf2 Rfe8 19. Kc1 Bg4 20. fxg4 Qe4 21. Kb1 Rc8 22. Rf1 Qxg4 23. Qxf7+ Kh8 24. a3 h6 25. Qf2 Rf8 26. Qxf8+ Rxf8 27. Rxf8+ Kh7 28. Nf3 Qe4 29. Kc1 Qd5 30.
c3 g5 31. Nd4 Qh1+ 32. Kc2 Qxh2+ 33. Kb3 Qe5 34. Rb8 Qd5+ 35. Kc2 g4 36. Ne2 Qf3 37. Kd2 g3 38. Re8 g2 39. Re7+ Kg8 40. Re6 Qxe2+ 41. Kxe2 g1=Q 42. Kd3 h5 43. Kc4 Qg4+ 44. Kd5 Qxe6+ 45.
Kxe6 h4 46. Kxd6 h3 47. Kc7 h2 48. Kxb7 h1=Q+ 49. Kxa7 Qg2 50. b4 Qb2 51. Kb6 Qxa3 52.
Kb5 Qxc3 53. Ka4 Kf7 54. b5 Ke6 55. b6 Kd6 56. b7 Kc7 0-1

[Event "Early-Titled-Tuesday-Blitz-May-28-2024"]
[Site "Chess.com"]
[Date "2024.05.28"]
[Round "4"]
[White "Daaksboy"]
[Black "ChempionBg"]
[Result "1-0"]
[WhiteElo "2464"]
[BlackElo "2257"]
[TimeControl "180+1"]
[EndTime "8:39:52 PDT"]
[Termination "Daaksboy won on time"]

1. d4 Nf6 2. c4 g6 3. Nc3 Bg7 4. e4 d6 5. Be2 O-O 6. h4 h5 7.
Nf3 e5 8. d5 a5 9. Ng5 Na6 10.
Be3 Nc5 11. Qc2 Bd7 12. f3 a4 13. O-O-O Qb8 14. Rhg1 c6 15. dxc6 bxc6 16. Bxc5 dxc5 17. g4 hxg4 18. fxg4 Rd8 19. h5 Bh6 20. Qd2 Nh7 21. Kb1 Bxg5 22. Qc2 a3 23. b3 Be6 24. hxg6 fxg6 25. Bd3 Ra7 26. Rh1 Rad7 27. Nd5 Rf7 28.
Rh2 Rdf8 29. Rg1 Qe8 30. Qe2 cxd5 31. exd5 Bd7 32. Bxg6 Qe7 33. Bxf7+ Rxf7 34. Rgh1 Rg7 35. Qe4 Nf6 36. Rh8+ Kf7 37. Qg2 Bxg4 38. Rf1 e4 39.
Qh2 Be3 40. d6 1-0

[Event "Early-Titled-Tuesday-Blitz-May-28-2024"]
[Site "Chess.com"]
[Date "2024.05.28"]
[Round "4"]
[White "MVM2008"]
[Black "Chernov_Alexander_A"]
[Result "1-0"]
[WhiteElo "2490"]
[BlackElo "2300"]
[TimeControl "180+1"]
[EndTime "8:39:53 PDT"]
[Termination "MVM2008 won on time"]

1. e4 d6 2. d4 Nf6 3. Nc3 Nbd7 4. h4 e5 5. d5 c6 6. dxc6 bxc6 7. Bc4 Nb6 8. Be2 d5 9. exd5 cxd5 10. Bg5 Be7 11.
Bb5+ Bd7 12. a4 d4 13. Bxf6 gxf6 14. Ne4 Bxb5 15. axb5 Qd5 16. Qe2 f5 17. Ng3 e4 18.
Nh3 Bb4+ 19. Kf1 Bd6 20. Nh5 Be5 21. Rg1 Rg8 22. Ng5 h6 23. Nh7 Rg6 24. g4 f4 25.
g5 Qc4 26. Qxc4 Nxc4 27. gxh6 Ke7 28. Ng5 e3 29. Re1 Nd2+ 30. Ke2 Rxh6 31. Nf3 Bf6 32.
Nxd2 Rxh5 33. Ne4 Re5 34. Ng5 Bxg5 35. hxg5 Rg8 36. f3 1-0

[Event "Early-Titled-Tuesday-Blitz-May-28-2024"]
[Site "Chess.com"]
[Date "2024.05.28"]
[Round "4"]
[White "AwareIdea"]
[Black "Viktor_Poddubnyi"]
[Result "1-0"]
[WhiteElo "2485"]
[BlackElo "2292"]
[TimeControl "180+1"]
[EndTime "8:39:54 PDT"]
[Termination "AwareIdea won on time"]

1. d4 g6 2. c4 Bg7 3. Nf3 c5 4.
d5 f5 5. g3 Nf6 6. Bg2 O-O 7.
O-O d6 8. Nc3 h6 9. Nd2 g5 10. Nf3 Qe8 11. Qc2 Qg6 12. Nb5 Na6 13. a3 Bd7 14. Nc3 Ng4 15. Ne1 Qf7 16. h3 Ne5 17. b3 f4 18. Bb2 Bf5 19. Qd2 Qg6 20. g4 Bxg4 21. hxg4 Nxg4 22. Qd3 Qf7 23. Bh3 h5 24. Nf3 Bf6 25. Na4 Bxb2 26. Nxb2 Qg7 27. Qc2 Nf6 28. Be6+ Kh8 29. Nh2 Nc7 30. Bf5 g4 31. Kh1 Qg5 32. Rg1 Nfxd5 33. Be4 Nf6 34. Bxb7 Rab8 35. Bc6 Ne6 36. Bd5 Nd4 37. Qd1 Rxb3 38.
Nd3 Qh4 39. Nxf4 Nxd5 40. Ng6+ Kg7 41. Nxh4 Rxf2 42. cxd5 Rh3 43. Rg2 1-0

[Event "Early-Titled-Tuesday-Blitz-May-28-2024"]
[Site "Chess.com"]
[Date "2024.05.28"]
[Round "4"]
[White "Smiechu"]
[Black "frequentblunders"]
[Result "1-0"]
[WhiteElo "2422"]
[BlackElo "2222"]
[TimeControl "180+1"]
[EndTime "8:39:54 PDT"]
[Termination "Smiechu won on time"]

1. e4 e6 2. d4 c5 3. Nf3 cxd4 4. Nxd4 Nf6 5. Nc3 Nc6 6. a3 Bc5 7. Be3 Nxd4 8. Bxd4 Bxd4 9. Qxd4 O-O 10. e5 Nd5 11. Nxd5 exd5 12. Qxd5 Re8 13. Bc4 Qe7 14. O-O-O Rb8 15.
f4 b5 16. Bb3 Bb7 17. Qxd7 Bxg2 18. Rhg1 Be4 19. Rd4 Bg6 20. Kb1 Rb7 21. Qxe7 Rbxe7 22. Rgd1 Kf8 23. Rd5 Rb7 24. Rd7 Rxd7 25. Rxd7 Re7 26. Rd5 Rb7 27. Kc1 Ke7 28. Kd2 f6 29. Ke3 Bf7 30. Rc5 Bxb3 31. cxb3 fxe5 32. fxe5 Ke6 33. Ke4 g6 34. Rc6+ Ke7 35. b4 Rd7 36. Ra6 Rb7 37. Kd5 Rd7+ 38. Kc5 Rd2 39. Rxa7+ Ke6 40. Rxh7 Kxe5 41.
Kxb5 Rxb2 42. a4 g5 43. a5 Kf4 44. a6 Ra2 45. Kb6 g4 46. b5 Kf3 47. a7 Ra1 48. Kb7 1-0

[Event "Early-Titled-Tuesday-Blitz-May-28-2024"]
[Site "Chess.com"]
[Date "2024.05.28"]
[Round "4"]
[White "Konavets"]
[Black "Aygehovit1992"]
[Result "1-0"]
[WhiteElo "3077"]
[BlackElo "2820"]
[TimeControl "180+1"]
[EndTime "8:39:56 PDT"]
[Termination "Konavets won by resignation"]

1. e4 c5 2. Nf3 e6 3. d4 cxd4 4.
Bg5 f6 5. Bh4 Nc6 6. Nxd4 Bc5 7.
Nb5 Nge7 8. Nd6+ Bxd6 9. Qxd6 Qb6 10. b3 Nd4 11. Qxb6 axb6 12. Kd1 d5 13. Nd2 dxe4 14.
Nxe4 e5 15. Bd3 O-O 16. c3 Ndf5 17. Bc4+ Kh8 18. Bg3 Bd7 19. Ke2 Bc6 20. f3 b5 21.
Bd3 Nd5 22. a3 h5 23. Kd2 h4 24. Nc5 Rfd8 25. Bxf5 Ne7+ 26. Bd3 hxg3 27. hxg3+ Kg8 28. Kc2 b6 29. Ne4 Nd5 30. Rhe1 Kf7 31. c4 bxc4 32. Bxc4 b5 33. Bf1 Ne7 34. Kb2 Nf5 35. Rac1 Bxe4 36.
fxe4 Rd2+ 37. Kc3 Rf2 38. exf5 Rxa3 39. Bxb5 Rxg2 40. Re3 g6 41. Bc4+ Kg7 42. Rf1 gxf5 43. Rxf5 Ra1 44. Ref3 Rc1+ 45. Kb4 e4 46. Re3 Rd1 47. Rf4 Rd4 48. g4 Kg6 49. Rfxe4 Rxe4 50.
Rxe4 1-0

[Event "Early-Titled-Tuesday-Blitz-May-28-2024"]
[Site "Chess.com"]
[Date "2024.05.28"]
[Round "4"]
[White "crazy_but_lazy"]
[Black "vugarrasulov"]
[Result "0-1"]
[WhiteElo "2678"]
[BlackElo "3005"]
[TimeControl "180+1"]
[EndTime "8:39:56 PDT"]
[Termination "vugarrasulov won by checkmate"]

1. d4 Nf6 2. Nf3 g6 3. Nc3 Bg7 4. e4 d6 5. Be2 O-O 6. O-O Nc6 7. h3 a6 8. Re1 b5 9. Bf1 Bb7 10. Bg5 h6 11. Bf4 e5 12. dxe5 Nh5 13. Be3 Nxe5 14. a4 b4 15. Nd5 Bxd5 16. exd5 Nxf3+ 17. Qxf3 Bxb2 18. Rab1 Bg7 19. a5 Re8 20. Red1 Nf6 21. Rxb4 Nd7 22. Rb7 h5 23. Rdb1 Nc5 24. Bxc5 dxc5 25.
Qf4 Be5 26. Qc4 Bd6 27. R7b3 Qg5 28. Rf3 Re7 29. Bd3 Rae8 30. g3 Re1+ 31. Rxe1 Rxe1+ 32. Kg2 Qc1 33. Bf1 h4 34. gxh4 Qh6 35. Qxa6 Qxh4 36. Qc8+ Kg7 37. Qg4 Qe7 38. a6 Ra1 39. Qc4 Kg8 40.
Qg4 Qe5 41. Rg3 Qxd5+ 42. Rf3 Qe5 43. Rg3 Qe1 44. Bc4 Qh1# 0-1

[Event "Early-Titled-Tuesday-Blitz-May-28-2024"]
[Site "Chess.com"]
[Date "2024.05.28"]
[Round "4"]
[White "betta2004"]
[Black "ckgchess"]
[Result "0-1"]
[WhiteElo "2596"]
[BlackElo "2893"]
[TimeControl "180+1"]
[EndTime "8:39:56 PDT"]
[Termination "ckgchess won by checkmate"]

1. e4 c5 2. Nc3 d6 3. d4 cxd4 4. Qxd4 Nc6 5. Qd2 g6 6. b3 Bh6 7.
f4 Nf6 8. Bb2 e5 9. g3 O-O 10.
O-O-O exf4 11. gxf4 Nh5 12. Nge2 Qh4 13. Nd5 Be6 14. Kb1 Bxd5 15. exd5 Ne5 16. Qb4 Rfd8 17.
Rd4 Nf3 18. Rd3 a5 19. Qxb7 Qe1+ 20. Nc1 Nd2+ 21. Rxd2 Qxd2 22. f5 a4 23. fxg6 hxg6 24. Bd3 a3 25. Ba1 Bg7 26. Rf1 Rf8 27. Rxf7 Bxa1 28.
Bxg6 Ng7 29. Rxf8+ Rxf8 30. Qa6 Qc3 31. Qxa3 Qf6 32.
Bd3 Be5 33. h4 Qxh4 34. b4 Qd4 35. Nb3 Qg1+ 36. Qc1 Qb6 37. a3 Ra8 38. c4 Qf2 39. Qc2 Qg1+ 40. Nc1 Rxa3 41. c5 Ra1# 0-1

[Event "Early-Titled-Tuesday-Blitz-May-28-2024"]
[Site "Chess.com"]
[Date "2024.05.28"]
[Round "4"]
[White "FlemingA"]
[Black "ChessSwole"]
[Result "0-1"]
[WhiteElo "2476"]
[BlackElo "2709"]
[TimeControl "180+1"]
[EndTime "8:39:56 PDT"]
[Termination "ChessSwole won by resignation"]

1. d4 d5 2. Nc3 Nf6 3. Bf4 a6 4. e4 Nxe4 5. Nxe4 dxe4 6. f3 e5 7. dxe5 Qxd1+ 8. Rxd1 exf3 9. Nxf3 Nc6 10. c3 Bc5 11.
Nd4 Bd7 12. Bc4 Bg4 13. Be2 Bxe2 14. Kxe2 Ne7 15. Nf3 h6 16. e6 fxe6 17. Bxc7 Nd5 18. Bg3 O-O 19. Ne5 Rf5 20. Rhf1 Raf8 21. Nd7 Rxf1 22.
Rxf1 Rxf1 23. Kxf1 Be7 24. Ke2 Kf7 25. Ne5+ Kf6 26.
Ng4+ Kf5 27. Ne3+ Ke4 28. Nxd5 exd5 29. h3 Bc5 30. Bh2 h5 31. Bb8 g6 32. Bc7 Bg1 33.
Bb8 Bb6 34. Bd6 d4 35. cxd4 Bxd4 36. b3 Be5 37. Bxe5 Kxe5 38. Ke3 g5 39. g3 a5 40. a3 b5 41. Kd3 h4 42. gxh4 gxh4 43. Ke3 Kd5 44.
Kd3 a4 45. bxa4 bxa4 46. Kc3 Ke4 47. Kb4 Kf3 48. Kxa4 Kg3 49. Kb4 Kxh3 50. a4 Kg3 51. a5 h3 52. a6 h2 53. a7 h1=Q 0-1